 Dungeon Crawl Stone Soup version 0.31-a0-151-ge443d1f16c (webtiles) character file.

Game seed: 2843443085125460723

4359 qw the Skirmisher (level 10, 0/91 HPs)
             Began as a Minotaur Hunter on June 8, 2023.
             Slain by Harold
             ... wielding a +0 trident
              (15 damage)
             ... on level 9 of the Dungeon.
             The game lasted 00:03:10 (7198 turns).

qw the Skirmisher (Minotaur Hunter)                 Turns: 7198, Time: 00:03:11

Health: 0/91       AC:  3    Str: 23    XL:     10   Next: 12%
Magic:  9/9        EV:  8    Int:  4    God:
Gold:   376        SH:  0    Dex: 17    Spells: 9/9 levels left

rFire   + + .        Y - +1 orcbow (flame)
rCold   x . .        (shield currently unavailable)
rNeg    . . .        k - +1 robe {Will+}
rPois   .            (helmet restricted)
rElec   .            i - scarf {repulsion}
rCorr   .            (no gloves)
SInv    .            (no boots)
Will    +....        c - amulet of regeneration
Stlth   ++           j - +6 ring of strength
HPRegen 1.15/turn    d - ring of Ijucacil {Fire Slay+6}
MPRegen 0.11/turn

%: repel missiles
@: marked, held
A: horns 2, retaliatory headbutt, large bone plates 1, dopey 1, fire resistance
1
a: no special abilities


You were on level 9 of the Dungeon.
You visited 2 branches of the dungeon, and saw 10 of its levels.

You collected 436 gold pieces.
You spent 60 gold pieces at shops.


Innate Abilities, Weirdness & Mutations

You have a pair of horns on your head.
You reflexively headbutt those who attack you in melee.
You are partially covered in large bone plates. (SH +4)
You are dopey. (Int -2)
Your flesh is heat resistant. (rF+)


   Skills:
 - Level 9.0 Fighting
 + Level 13.0 Ranged Weapons
 - Level 3.5 Armour
 - Level 6.0 Dodging
 - Level 0.7 Stealth


You had 9 spell levels left.
You didn't know any spells.
Your spell library was empty.

Inventory:

Hand Weapons
 Y - a +1 orcbow of flaming (weapon)
Armour
 e - a +0 cloak
 f - a +0 ring mail
 i - a scarf of repulsion (worn)
 k - a +1 robe of willpower (worn)
Jewellery
 c - an amulet of regeneration (around neck)
 d - the ring of Ijucacil (right hand) {Fire Slay+6}
   (You took it off an orc priest on level 7 of the Dungeon)

   [ring of fire]

   It enhances your fire magic.
   Slay:      It affects your accuracy & damage with ranged weapons and melee
   (+6).
   rF:        It protects you from fire.
   rC:        It makes you vulnerable to cold.
 j - a +6 ring of strength (left hand)
Scrolls
 b - 7 scrolls of identify
Potions
 a - 4 potions of curing
 g - 2 potions of mutation
 l - a potion of resistance

Dungeon Overview and Level Annotations

Branches:
Dungeon (9/15)             Temple (1/1) D:5            Lair (0/5) D:8
    Orc: D:9-12

Altars:
Ashenzari
Cheibriados
Dithmenos
Elyvilon
Gozag
Hepliaklqana
Kikubaaqudgha
Makhleb
Nemelex Xobeh
Qazlal
Ru
Sif Muna
Trog
Uskayaw
Vehumet
Wu Jian
Xom
Yredelemnul
Zin
The Shining One
Ignis

Shops:
D:2 ?

Annotations:
D:7 1 runed translucent door, Crazy Yiuf
D:9 Harold


Message History

The orc warrior hits you with a +0 hand axe!
You shoot an arrow. The arrow hits the orc warrior!!
The arrow burns the orc warrior.
You kill the orc warrior!
Harold hits you from afar with a +0 trident!
An orc comes into view. It is wielding a +0 mace.
Your Fighting skill increases to level 9!
You shoot an arrow. The orc shouts!
The arrow hits Harold.
The arrow burns Harold.
Harold is almost dead.
Harold throws a throwing net.
The throwing net hits you.
You become entangled in the net!
You struggle against the net.
The orc wizard casts a spell at you. You resist with almost no effort.
Harold barely misses you.
You struggle against the net.
Harold hits you from afar with a +0 trident!!
You struggle against the net.
Harold hits you from afar with a +0 trident!
You rip the net and break free!
The orc wizard closely misses you. You furiously retaliate!
You headbutt the orc wizard. The orc hits you but does no damage.
Harold hits you from afar with a +0 trident!
You shoot an arrow. The arrow hits the orc wizard!
The arrow burns the orc wizard.
You kill the orc wizard!
You shoot an arrow. The arrow hits the orc!
The arrow burns the orc.
You kill the orc!
Harold gestures at you while chanting. A sentinel's mark forms upon you.
You shoot an arrow. The arrow hits the orc!
The arrow burns the orc.
You kill the orc!
Harold throws a throwing net.
You block the throwing net.
You shoot an arrow. The arrow closely misses Harold.
Harold throws a throwing net.
The throwing net hits you.
You become entangled in the net!
You struggle against the net.
Harold hits you from afar with a +0 trident!
You die...

# .#
##########.##
##...........###
)...............
#[......@...#
#....))<....#
######@######
#.# #.# ..# .##
+#


You could see Harold.

Vanquished Creatures
  Pikel (D:7)
  3 yaks (D:8)
  2 wyverns
  3 steam dragons
  3 water moccasins
  3 ice beasts
  3 orc warriors
  A black bear (D:6)
  An ogre (D:6)
  2 phantoms
  3 centaurs
  A lemure (D:7)
  A kobold brigand (D:7)
  A bullfrog (D:7)
  A scorpion (D:3)
  5 wights (D:6)
  3 hounds
  2 jellies
  A gnoll bouda (D:6)
  6 orc priests
  Ijyb (D:4)
  6 iguanas
  6 orc wizards
  Robin (D:4)
  7 gnolls
  4 adders
  3 worms (D:2)
  3 dart slugs
  23 orcs
  3 bats
  6 endoplasms
  4 giant cockroaches
  24 goblins
  9 hobgoblins
  11 jackals
  11 kobolds
  A quokka (D:1)
  7 ball pythons
  4 frilled lizards
  4 rats (D:2)
184 creatures vanquished.

Notes
Turn   | Place    | Note
-------+----------+-------------------------------------------
     0 | D:1      | qw the Minotaur Hunter began the quest for the Orb.
     0 | D:1      | Reached XP level 1. HP: 18/18 MP: 0/0
     0 | D:1      | 0 ||| qw: Version: 0.2-a-120-gdf1a93b
     0 | D:1      | 0 ||| qw: Game counter: 3043
     0 | D:1      | 0 ||| qw: Always use a shield: true
     0 | D:1      | 0 ||| qw: God list: Okawaru
     0 | D:1      | 0 ||| qw: Allow faded altars: false
     0 | D:1      | 0 ||| qw: Do Orc after D:15 true
     0 | D:1      | 0 ||| qw: Do second Lair branch before Depths: true
     0 | D:1      | 0 ||| qw: Lair rune preference: random
     0 | D:1      | 0 ||| qw: Plans: Normal
     0 | D:1      | 0 ||| PLANNING D:1-11
   129 | D:1      | 129 ||| FLEEEEING.
   130 | D:1      | 130 ||| FLEEEEING.
   131 | D:1      | 131 ||| FLEEEEING.
   144 | D:1      | Reached XP level 2. HP: 25/25 MP: 1/1
   160 | D:1      | Reached skill level 5 in Ranged Weapons
   281 | D:1      | Reached skill level 3 in Fighting
   654 | D:1      | 654 ||| READING scroll labelled LULOID MIBOIN.
   655 | D:1      | 655 ||| READING scroll labelled UZYR ICUBYERO.
   656 | D:1      | 656 ||| READING scroll labelled JEMALU ACAM.
   657 | D:1      | 657 ||| DROPPING scroll of butterflies.
   689 | D:2      | Reached XP level 3. HP: 31/31 MP: 2/2
  1038 | D:2      | Found Qitoutt's Magic Scroll Emporium.
  1046 | D:2      | 1046 ||| BUYING scroll of identify (20 gold).
  1046 | D:2      | Bought a scroll of identify for 20 gold pieces
  1046 | D:2      | 1046 ||| BUYING scroll of identify (20 gold).
  1046 | D:2      | Bought a scroll of identify for 20 gold pieces
  1046 | D:2      | 1046 ||| BUYING scroll of identify (20 gold).
  1046 | D:2      | Bought a scroll of identify for 20 gold pieces
  1498 | D:2      | 1498 ||| UPGRADING to +0 cloak.
  1503 | D:2      | 1503 ||| UPGRADING to +0 ring mail.
  1513 | D:2      | 1513 ||| DROPPING +0 leather armour.
  1514 | D:2      | 1514 ||| DRINKING 2 clear potions.
  1514 | D:2      | Gained mutation: Your flesh is heat resistant. (rF+)
                  | [potion of mutation]
  1514 | D:2      | Gained mutation: You are dopey. (Int -2) [potion of
                  | mutation]
  1514 | D:2      | Gained mutation: You are partially covered in large bone
                  | plates. (SH +4) [potion of mutation]
  1515 | D:2      | 1515 ||| READING 5 scrolls of identify.
  1515 | D:2      | 1515 ||| IDENTIFYING emerald potion
  1516 | D:2      | 1516 ||| READING 4 scrolls of identify.
  1516 | D:2      | 1516 ||| IDENTIFYING bubbling golden potion
  1517 | D:2      | 1517 ||| DROPPING potion of attraction.
  1570 | D:3      | Found a burning altar of Makhleb.
  1593 | D:3      | Reached skill level 1 in Armour
  1662 | D:3      | Found a bloodstained altar of Trog.
  1700 | D:3      | Found a faded altar of an unknown god.
  1702 | D:3      | Reached XP level 4. HP: 38/38 MP: 3/3
  1799 | D:3      | Found a sparkling altar of Nemelex Xobeh.
  1863 | D:3      | 1863 ||| Stepping ~*~*~tactically~*~*~ (outnumbered).
  1877 | D:3      | Reached skill level 6 in Ranged Weapons
  2061 | D:3      | Found a snail-covered altar of Cheibriados.
  2093 | D:3      | 2093 ||| READING 2 scrolls labelled NITASS IH QAN.
  2108 | D:4      | Noticed a scorpion
  2116 | D:4      | 2116 ||| STAIRDANCE
  2122 | D:3      | Killed a scorpion
  2123 | D:3      | Reached XP level 5. HP: 12/47 MP: 4/4
  2124 | D:3      | HP: 11/47 [poisoned by a scorpion]
  2283 | D:4      | Noticed a steam dragon
  2290 | D:4      | Killed a steam dragon
  2291 | D:4      | Reached skill level 7 in Ranged Weapons
  2291 | D:4      | Reached XP level 6. HP: 51/53 MP: 5/5
  2317 | D:4      | 2317 ||| Stepping ~*~*~tactically~*~*~ (outnumbered).
  2319 | D:4      | 2319 ||| Stepping ~*~*~tactically~*~*~ (outnumbered).
  2376 | D:4      | 2376 ||| SWAPPING to +0 orcbow.
  2377 | D:4      | 2377 ||| DROPPING +0 shortbow.
  2396 | D:4      | 2396 ||| FLEEEEING.
  2397 | D:4      | 2397 ||| FLEEEEING.
  2398 | D:4      | 2398 ||| FLEEEEING.
  2399 | D:4      | 2399 ||| FLEEEEING.
  2400 | D:4      | 2400 ||| FLEEEEING.
  2401 | D:4      | 2401 ||| FLEEEEING.
  2402 | D:4      | 2402 ||| FLEEEEING.
  2403 | D:4      | 2403 ||| FLEEEEING.
  2404 | D:4      | 2404 ||| FLEEEEING.
  2405 | D:4      | 2405 ||| FLEEEEING.
  2406 | D:4      | 2406 ||| FLEEEEING.
  2407 | D:4      | 2407 ||| FLEEEEING.
  2408 | D:4      | 2408 ||| FLEEEEING.
  2409 | D:4      | 2409 ||| FLEEEEING.
  2410 | D:4      | 2410 ||| FLEEEEING.
  2411 | D:4      | 2411 ||| FLEEEEING.
  2412 | D:4      | 2412 ||| FLEEEEING.
  2413 | D:4      | 2413 ||| FLEEEEING.
  2414 | D:4      | 2414 ||| STAIRDANCE
  2464 | D:3      | 2464 ||| UPGRADING to +6 ring of strength.
  2465 | D:3      | 2465 ||| READING scroll labelled EHU TUIDOF.
  2466 | D:3      | 2466 ||| READING 5 scrolls of identify.
  2466 | D:3      | 2466 ||| IDENTIFYING dark potion
  2640 | D:4      | Noticed Robin
  2652 | D:4      | Killed Robin
  2761 | D:4      | Noticed Ijyb
  2773 | D:4      | Killed Ijyb
  3113 | D:4      | Reached skill level 8 in Ranged Weapons
  3313 | D:4      | Identified the +5 sling of Foolhardiness {speed, rN+ Str+2}
  3501 | D:5      | Entered Level 5 of the Dungeon
  3501 | D:5      | Noticed a water moccasin
  3507 | D:5      | 3507 ||| STAIRDANCE
  3510 | D:4      | Killed a water moccasin
  3511 | D:4      | Reached skill level 3 in Armour
  3511 | D:4      | Reached XP level 7. HP: 48/61 MP: 6/6
  3661 | D:5      | 3661 ||| FLEEEEING.
  3662 | D:5      | 3662 ||| FLEEEEING.
  3663 | D:5      | 3663 ||| STAIRDANCE
  3700 | D:4      | 3700 ||| UPGRADING to amulet of guardian spirit.
  3705 | D:4      | 3705 ||| READING 5 scrolls of identify.
  3705 | D:4      | 3705 ||| IDENTIFYING orange potion
  3706 | D:4      | 3706 ||| DROPPING potion of invisibility.
  3712 | D:5      | Reached skill level 3 in Dodging
  3714 | D:5      | 3714 ||| STAIRDANCE
  3724 | D:4      | HP: 15/61 [something/puff of flame (3)]
  3725 | D:4      | 3725 ||| READING scroll of teleportation.
  3726 | D:4      | 3726 ||| DRINKING 2 potions of heal wounds.
  3943 | D:5      | You fall into a shaft and drop 3 floors!
  3945 | D:8      | Found a radiant altar of Vehumet.
  3969 | D:8      | Reached skill level 9 in Ranged Weapons
  4100 | D:7      | 4100 ||| Stepping ~*~*~tactically~*~*~ (outnumbered).
  4279 | D:6      | Reached skill level 6 in Fighting
  4279 | D:6      | Reached XP level 8. HP: 68/71 MP: 5/7
  4500 | D:6      | Reached skill level 10 in Ranged Weapons
  4796 | D:6      | 4796 ||| UPGRADING to +1 robe of willpower.
  4806 | D:6      | 4806 ||| UPGRADING to amulet of regeneration.
  4816 | D:6      | 4816 ||| DROPPING amulet of guardian spirit.
  4817 | D:6      | 4817 ||| READING 5 scrolls of identify.
  4817 | D:6      | 4817 ||| IDENTIFYING sedimented inky potion
  4818 | D:6      | 4818 ||| DROPPING potion of enlightenment.
  4839 | D:5      | Found a staircase to the Ecumenical Temple.
  4840 | D:5      | 4840 ||| PLANNING TEMPLE
  4844 | Temple   | Entered the Ecumenical Temple
  4883 | Temple   | 4883 ||| PLANNING D:1-11
  5160 | D:5      | 5160 ||| UPGRADING to scarf of repulsion.
  5170 | D:5      | 5170 ||| READING scroll labelled ZOONAG WOSH.
  5172 | D:5      | 5172 ||| Stepping ~*~*~tactically~*~*~ (cloud).
  5251 | D:6      | Found a stormy altar of Qazlal.
  5626 | D:7      | Reached skill level 11 in Ranged Weapons
  5626 | D:7      | Reached XP level 9. HP: 54/79 MP: 8/8
  5639 | D:7      | 5639 ||| FLEEEEING.
  5647 | D:7      | 5647 ||| FLEEEEING.
  5667 | D:7      | HP: 18/79 [orc/+0 club (3)]
  5668 | D:7      | 5668 ||| DRINKING potion of heal wounds.
  5669 | D:7      | HP: 2/79 [orc warrior/+0 glaive (13)]
  5702 | D:7      | 5702 ||| FLEEEEING.
  5709 | D:7      | 5709 ||| STAIRDANCE
  5745 | D:7      | Identified the ring of Ijucacil {Fire Slay+6}
  5746 | D:7      | 5746 ||| Stepping ~*~*~tactically~*~*~ (outnumbered).
  5751 | D:7      | 5751 ||| Stepping ~*~*~tactically~*~*~ (outnumbered).
  5752 | D:7      | 5752 ||| Stepping ~*~*~tactically~*~*~ (outnumbered).
  5754 | D:7      | 5754 ||| Stepping ~*~*~tactically~*~*~ (outnumbered).
  5756 | D:7      | 5756 ||| Stepping ~*~*~tactically~*~*~ (outnumbered).
  5759 | D:7      | 5759 ||| Stepping ~*~*~tactically~*~*~ (outnumbered).
  5831 | D:7      | Found a shadowy altar of Dithmenos.
  5994 | D:7      | Found a shimmering blue altar of Sif Muna.
  6030 | D:7      | Found a runed translucent door.
  6031 | D:7      | Noticed Crazy Yiuf
  6090 | D:7      | Noticed Pikel
  6097 | D:7      | Killed Pikel
  6098 | D:7      | Reached skill level 12 in Ranged Weapons
  6543 | D:7      | 6543 ||| UPGRADING to ring of Ijucacil {Fire Slay+6}.
  6544 | D:7      | 6544 ||| READING scroll labelled MEVEXZ OXYLUM.
  6668 | D:8      | Reached skill level 6 in Dodging
  6790 | D:8      | Found a staircase to the Lair.
  6835 | D:8      | Reached skill level 13 in Ranged Weapons
  6835 | D:8      | Reached XP level 10. HP: 84/89 MP: 9/9
  7147 | D:8      | 7147 ||| READING scroll labelled SEATIHA SOTAKK.
  7148 | D:8      | 7148 ||| READING 8 scrolls of identify.
  7148 | D:8      | 7148 ||| IDENTIFYING glowing blue potion
  7177 | D:9      | Noticed Harold
  7189 | D:9      | Reached skill level 9 in Fighting
  7193 | D:9      | HP: 10/91 [Harold/+0 trident (14)]
  7198 | D:9      | Slain by Harold

Levels and vault maps discovered:
D:1:      dpeg_arrival_rooms_b, layout_loops_ring, minmay_distorted
D:2:      layout_basic, serial_shops, shop
D:3:      layout_rooms, mainiacjoe_overflow_alcove_2, nemelex_dance_club_becter,
          bloody_makhleb, mainiacjoe_overflow_alcove_4,
          hellmonk_ecumenical_altar_slurped_away
D:4:      layout_layer_cave, uniq_robin, uniq_ijyb
D:5:      layout_cave_pools, minmay_temple_entry_wispy
D:6:      layout_cave_pools, nicolae_qazlal_general_emergency
D:7:      layout_loops_ring, grunt_dithmenos_smoke_and_mirrors,
          kennysheep_little_box, enter_bailey_3, minmay_misc_feat_cross,
          uniq_pikel, uniq_crazy_yiuf_cottage
D:8:      layout_gridville, vehumet_altar_wand_db, lair_entry_dummy,
          minmay_misc_feat_diagonals
D:9:      layout_roguey, amcnicky_altar_gilded, orc_0_dummy,
          minmay_stone_trees_small, uniq_harold, uniq_maggie
Temple:   pdpol_scorched_temple

Skill      XL: |  1  2  3  4  5  6  7  8  9 10 |
---------------+-------------------------------+-----
Ranged Weapons | 5 6 7 8 9 11 13 | 13.0
Fighting       | 3 4 5 6 7 8 9 |  9.0
Armour         | 1 3 |  3.5
Dodging        | 3 4 6 |  6.0
Stealth        | |  0.7

Action                     |  1- 3 |  4- 6 |  7- 9 | 10-12 || total
---------------------------+-------+-------+-------+-------++-------
   Fire: Shortbow          |   131 |    72 |       |       ||   203
         Orcbow            |       |    88 |   340 |    23 ||   451
    Use: Scroll            |     5 |     3 |     5 |     2 ||    15
         Potion            |     1 |       |     2 |       ||     3
 Armour: Leather armour    |    10 |       |       |       ||    10
         Ring mail         |     3 |    42 |    14 |       ||    59
         Robe              |       |       |    11 |     1 ||    12
  Dodge: Dodged            |    25 |    50 |    91 |     8 ||   174
         Repelled          |       |       |     1 |       ||     1
  Block: Other             |     3 |    14 |    26 |     1 ||    44

Table legend:
 A = Non-vault XP
 B = Vault XP
 C = Vault XP percentage of total XP
 D = Non-vault monster count
 E = Vault monster count
 F = Vault count percentage of total count
                 A         B        C        D         E       F
            +---------+---------+-------+---------+---------+-------
      Total |    5480 |     748 |  12.0 |     157 |      26 |  14.2
            +---------+---------+-------+---------+---------+-------
        D:1 |      32 |       5 |  13.5 |      17 |       3 |  15.0
        D:2 |      44 |       0 |   0.0 |      19 |       0 |   0.0
        D:3 |     184 |       7 |   3.7 |      17 |       3 |  15.0
        D:4 |     520 |      75 |  12.6 |      24 |      14 |  36.8
        D:5 |     314 |       0 |   0.0 |      16 |       0 |   0.0
        D:6 |    1044 |       0 |   0.0 |      16 |       0 |   0.0
        D:7 |    1556 |     659 |  29.8 |      29 |       5 |  14.7
        D:8 |    1606 |       2 |   0.1 |      14 |       1 |   6.7
        D:9 |     180 |       0 |   0.0 |       5 |       0 |   0.0
            +---------+---------+-------+---------+---------+-------
